 Dungeon Crawl Stone Soup version 0.25.0-9-g26727b657a (webtiles) character file.

Game seed: 3642862661506061891

369399 HoaS the Slayer (level 22, -6/168 HPs)
             Began as a Gargoyle Gladiator on June 18, 2020.
             Was the Champion of Makhleb.
             Mangled by a titanic slime creature (51 damage)
             ... summoned by a glowing orange brain
             ... on level 1 of the Vaults.
             The game lasted 02:19:02 (38893 turns).

HoaS the Slayer (Gargoyle Gladiator)               Turns: 38893, Time: 02:19:02

Health: -6/168     AC: 68    Str: 26    XL:     22   Next: 63%
Magic:  22/22      EV: 16    Int: 11    God:    Makhleb [******]
Gold:   10496      SH:  0    Dex: 11    Spells: 17/21 levels left

rFire    + . .     SeeInvis +   K - +6 lajatang (speed)
rCold    + . .     Gourm    .   (shield currently unavailable)
rNeg     + + .     Faith    .   W - +14 crystal plate armour
rPois    ∞         Spirit   .   u - +2 helmet
rElec    +         Reflect  .   S - scarf {rC+ rF+}
rCorr    .         Harm     .   o - +2 pair of gloves
MR       ++++.     Clarity  +   E - +2 pair of boots
Stlth    ..........             q - amulet of the Four Winds {rN+ MR+++ Clar}
HPRegen  0.38/turn              j - +4 ring of evasion
MPRegen  0.18/turn              D - ring of see invisible

@: studying Staves
A: big wings, negative energy resistance 1, electricity resistance, unbreathing,
petrification resistance, rot immunity, AC +16
}: 2/15 runes: decaying, gossamer
a: Fly, Minor Destruction, Lesser Servant of Makhleb, Major Destruction, Greater
Servant of Makhleb, Renounce Religion


You were on level 1 of the Vaults.
You worshipped Makhleb.
Makhleb was exalted by your worship.
You were not hungry.

You visited 8 branches of the dungeon, and saw 39 of its levels.
You also visited: Bailey, Ice Cave and Wizlab.

You collected 15461 gold pieces.
You spent 4965 gold pieces at shops.

Inventory:

Hand Weapons
 a - a +2 quarterstaff of venom
 K - a +6 lajatang of speed (weapon)
Missiles
 d - 4 throwing nets (quivered)
Armour
 o - a +2 pair of gloves (worn)
 u - a +2 helmet (worn)
 E - a +2 pair of boots (worn)
 S - a scarf of resistance (worn)
 W - a +14 crystal plate armour (worn)
Jewellery
 c - an uncursed ring of resist corrosion
 e - an uncursed amulet of faith
 j - a +4 ring of evasion (left hand)
 q - the amulet of the Four Winds (around neck) {rN+ MR+++ Clar}
   (You bought it in a shop on level 2 of the Orcish Mines)

   [amulet of nothing]

   It protects you from negative energy.
   It affects your resistance to hostile enchantments.
   It protects you against confusion.
 D - a ring of see invisible (right hand)
 P - a +4 ring of evasion
Wands
 h - a wand of digging (10)
 k - a wand of iceblast (10)
 R - a wand of acid (20)
Scrolls
 g - 3 scrolls of magic mapping
 i - 4 scrolls of enchant armour
 p - 8 scrolls of remove curse
 r - 9 scrolls of teleportation
 t - 6 scrolls of blinking
 w - 9 scrolls of fog
 G - a scroll of holy word
 H - 13 scrolls of identify
 I - 6 scrolls of fear
Potions
 l - 9 potions of lignification
 m - 6 potions of ambrosia
 n - 15 potions of curing
 v - 8 potions of mutation
 B - 11 potions of heal wounds
 J - 2 potions of might
 N - 2 potions of invisibility
 O - 3 potions of cancellation
 U - 4 potions of resistance
 X - 7 potions of haste
 Y - 2 potions of berserk rage
Books
 F - a manual of Staves
Comestibles
 f - 58 rations


   Skills:
 * Level 26.9 Fighting
 - Level 15.0 Staves
 - Level 1.7 Throwing
 + Level 18.5 Armour
 + Level 15.0 Dodging


You had 17 spell levels left.
You knew the following spells:

 Your Spells              Type           Power        Failure   Level  Hunger
a - Leda's Liquefaction   Hex/Erth       #.........   100%        4    #####..

Your spell library contained the following spells:

 Spells                   Type           Power        Failure   Level  Hunger
 Corona                   Hex            #......      99%         1    ##.....
 Foxfire                  Conj/Fire      #...         99%         1    ##.....
 Freeze                   Ice            #...         99%         1    ##.....
 Magic Dart               Conj           #...         99%         1    ##.....
 Pain                     Necr           #...         99%         1    ##.....
 Shock                    Conj/Air       #...         99%         1    ##.....
 Blink                    Tloc           N/A          100%        2    ###....
 Call Imp                 Summ           #.......     100%        2    ###....
 Corpse Rot               Necr/Air       N/A          100%        2    ###....
 Ensorcelled Hibernation  Hex/Ice        #.....       100%        2    ###....
 Passwall                 Tmut/Erth      #.......     100%        2    ###....
 Slow                     Hex            #.......     100%        2    ###....
 Swiftness                Chrm/Air       #.......     100%        2    ###....
 Confusing Touch          Hex            #.......     100%        3    ####...
 Conjure Flame            Conj/Fire      #.......     100%        3    ####...
 Dazzling Flash           Conj/Hex       #.....       100%        3    ####...
 Frozen Ramparts          Ice            #.....       100%        3    ####...
 Ignite Poison            Fire/Tmut/Pois #.......     100%        3    ####...
 Inner Flame              Hex/Fire       #.......     100%        3    ####...
 Mephitic Cloud           Conj/Pois/Air  #.......     100%        3    ####...
 Ozocubu's Armour         Chrm/Ice       #.......     100%        3    ####...
 Recall                   Summ/Tloc      N/A          100%        3    ####...
 Static Discharge         Conj/Air       #.......     100%        3    ####...
 Tukima's Dance           Hex            #.......     100%        3    ####...
 Vampiric Draining        Necr           #.........   100%        3    ####...
 Airstrike                Air            #.........   100%        4    #####..
 Animate Dead             Necr           N/A          100%        4    #####..
 Cause Fear               Hex            #.........   100%        4    #####..
 Hailstorm                Conj/Ice       #.......     100%        4    #####..
 Passage of Golubria      Tloc           N/A          100%        4    #####..
 Sticky Flame             Conj/Fire      #.......     100%        4    #####..
 Summon Ice Beast         Ice/Summ       #.......     100%        4    #####..
 Agony                    Necr           #.......     100%        5    ######.
 Aura of Abjuration       Summ           #.........   100%        5    ######.
 Bolt of Magma            Conj/Fire/Erth #.........   100%        5    ######.
 Borgnjor's Vile Clutch   Necr/Erth      #.........   100%        5    ######.
 Fireball                 Conj/Fire      #.........   100%        5    ######.
 Irradiate                Conj/Tmut      #.........   100%        5    ######.
 Lee's Rapid Deconstruct  Erth           #.........   100%        5    ######.
 Lightning Bolt           Conj/Air       #.........   100%        5    ######.
 Silence                  Hex/Air        #.........   100%        5    ######.
 Summon Mana Viper        Hex/Summ       #.......     100%        5    ######.
 Yara's Violent Unravell  Hex/Tmut       #.........   100%        5    ######.
 Conjure Ball Lightning   Conj/Air       #.........   100%        6    #######
 Darkness                 Hex            #.........   100%        6    #######
 Death Channel            Necr           #.........   100%        6    #######
 Freezing Cloud           Conj/Ice/Air   #.........   100%        6    #######
 Hydra Form               Tmut           #.........   100%        6    #######
 Invisibility             Hex            #.......     100%        6    #######
 Iron Shot                Conj/Erth      #.........   100%        6    #######
 Simulacrum               Ice/Necr       #.........   100%        6    #######
 Starburst                Conj/Fire      #.........   100%        6    #######
 Dragon Form              Tmut           #.........   100%        7    #######
 Ring of Flames           Chrm/Fire      #.........   100%        7    #######
 Discord                  Hex            #.........   100%        8    #######
 Ignition                 Fire           #.........   100%        8    #######
 Shatter                  Erth           #.........   100%        9    #######
 Statue Form              Tmut/Erth      Unusable     N/A         6    N/A

Dungeon Overview and Level Annotations

Branches:
Dungeon (15/15)            Temple (0/1) D:4            Lair (6/6) D:11
  Swamp (4/4) Lair:4       Spider (4/4) Lair:2        Slime (0/5) Lair:5
    Orc (2/2) D:9             Elf (2/3) Orc:2        Vaults (1/5) D:14
 Depths (5/5) D:15            Zot (0/5) Depths:5     Bailey (visited)
  IceCv (visited)          WizLab (visited)

Altars:
Fedhas
Gozag
Hepliaklqana
Makhleb
Qazlal
Ru
Trog
Xom
Zin
Beogh
Jiyva

Shops:
D:5 *   D:6 *::?   Orc:2 =*[(   Depths:2 !

Portals:
Hell: Depths:1 Depths:2 Depths:3 Depths:4 Depths:5
Abyss: Depths:1 Depths:4
Pandemonium: Depths:3
Ziggurat: Depths:5

Annotations:
Elf:1 1 runed translucent door, Haogis's ghost, adept HuCj
Depths:5 Mennas


Innate Abilities, Weirdness & Mutations

You are resistant to torment.
Your stone body is resilient. (AC +16)
You are immune to poison.
Your large and strong wings let you fly indefinitely.
You resist negative energy. (rN+)
You are resistant to electric shocks. (rElec)
You can survive without breathing.
You are immune to petrification.
You are immune to rotting.


Message History

The titanic slime creature is severely wounded.
You slash the titanic slime creature!
The titanic slime creature is severely wounded.
The titanic slime creature hits you but does no damage.
You open the titanic slime creature like a pillowcase!!!
The titanic slime creature is almost dead.
You slice the titanic slime creature!!
The titanic slime creature is almost dead.
The titanic slime creature hits you!!!
You slice the titanic slime creature!!
The titanic slime creature is almost dead.
You barely miss the titanic slime creature.
The titanic slime creature is almost dead.
The titanic slime creature hits you!
You hit the titanic slime creature.
The titanic slime creature is almost dead.
You hit the titanic slime creature.
The titanic slime creature is almost dead.
The titanic slime creature hits you!!!
You die...

#.# #.# .### .+ #.# #.... #.#
############.#c#...# #.#
#..........'.#p....# #.#
#......)J.)'.# #.# #.#
#.....(....#.# +(# #.#
#.........O#G#########.#
#........OuOuJ@........# ######
#..........#########+#'###.....
#'###+###### #......#..... #.
#......+..... # #......#.....
#......+..... #......#.....
#......'..... #......#.)...


You could see 2 ugly things, a titanic slime creature (summoned), a glowing
orange brain, a two-headed ogre (summoned, fast), an ogre mage (summoned) and an
ogre (summoned).

Vanquished Creatures
  Mara (Depths:1)
  A juggernaut (Depths:2)
  Sojobo (Depths:5)
  Xtahua (Depths:4)
  A golden dragon (Depths:5)
  A Cloud Mage (WizLab)
  A lich (Depths:5)
  A deep elf blademaster (Elf:2)
  3 titans
  5 thorn hunters
  2 sphinxes
  2 storm dragons
  A shadow dragon (Depths:5)
  Frances (D:14)
  Donald (Spider:2)
  5 tengu reavers
  An azure jelly (Depths:2)
  5 fire giants
  A draconian monk (Depths:5)
  9 frost giants
  7 ghost moths
  3 emperor scorpions
  An iron dragon (Depths:4)
  A deep elf sorcerer (Elf:2)
  An orc warlord (Orc:2)
  7 very ugly things
  2 spriggan defenders (Depths:4)
  3 vampire knights
  2 entropy weavers
  9 stone giants
  2 black draconians (Depths:2)
  2 deep elf demonologists
  6 dire elephants (Lair:6)
  Nessos (Lair:4)
  2 red draconians (Depths:2)
  12 spark wasps
  A white draconian (Depths:2)
  Snorg (D:10)
  The ghost of Bigaod the Fighter, a journeyman DsGl of Ru (Orc:1)
  7 ettins
  5 death oozes (Depths:2)
  4 merfolk impalers
  11 fire dragons
  3 yaktaur captains
  4 blizzard demons
  A rakshasa (Depths:4)
  A deep elf high priest (Depths:5)
  Erolcha (D:13)
  11 great orbs of eyes
  13 ice dragons
  3 vault guards (D:14)
  A catoblepas (D:13)
  6 spriggan air magi
  12 hydras
  A naga warrior (Depths:2)
  3 ogre magi
  2 merfolk aquamancers (Depths:2)
  5 ghost crabs
  3 shambling mangroves
  3 anacondas
  An alligator snapping turtle (Depths:2)
  4 centaur warriors
  19 dancing weapons (Elf:2)
  14 alligators
  Erica (Orc:1)
  9 deep troll shamans
  23 two-headed ogres
  4 tengu warriors
  4 death yaks
  6 deep troll earth magi
  13 deep elf knights
  2 orc high priests
  3 shock serpents (WizLab)
  7 spriggan berserkers
  Urug (D:10)
  3 sun demons
  Nergalle (Lair:2)
  The ghost of Omyorom the Covert, a novice SpEE of Ashenzari (Lair:1)
  5 iron trolls
  7 death drakes (WizLab)
  5 glowing orange brains
  2 spriggan druids
  20 deep trolls
  4 swamp dragons
  6 unseen horrors
  4 wizards
  A flayed ghost (Depths:3)
  7 deep elf archers
  The ghost of zkyp the Slinger, a novice HaAM of Fedhas (D:6)
  4 phantasmal warriors
  An ironbrand convoker (Vaults:1)
  3 lindwurms
  7 orc knights
  10 orb spiders
  4 harpies (Vaults:1)
  17 ugly things
  31 deep elf magi
  A wolf spider zombie (D:15)
  A manticore (shapeshifter) (Depths:1)
  4 orc sorcerers
  22 wolf spiders
  4 cyclopes
  2 moths of wrath
  2 manticores
  17 elephants (Lair:6)
  A guardian serpent (Depths:2)
  An elephant (shapeshifter) (Vaults:1)
  2 naga magi (Depths:2)
  Maurice (D:10)
  2 moths of wrath (shapeshifter)
  2 black mambas (Lair:5)
  2 apocalypse crabs (WizLab)
  2 vault sentinels (Vaults:1)
  2 ice statues (IceCv)
  A rust devil (Depths:3)
  3 torpor snails
  8 spiny frogs
  A gargoyle (D:10)
  7 freezing wraiths
  A rime drake (shapeshifter) (Depths:3)
  A hellion (Depths:3)
  13 yaktaurs
  Maggie (Lair:1)
  3 komodo dragons
  A yaktaur (shapeshifter) (D:15)
  3 rime drakes
  2 ice devils (D:15)
  12 demonic crawlers
  7 tyrant leeches
  3 meliai (D:15)
  A meliai (shapeshifter) (D:14)
  5 tengu conjurers
  14 jumping spiders
  9 trolls
  3 wind drakes (WizLab)
  A polar bear (Lair:3)
  32 blink frogs
  30 hornets
  7 hippogriffs
  47 slime creatures
  4 bog bodies
  9 air elementals
  2 hippogriffs (shapeshifter)
  A redback (shapeshifter) (D:15)
  35 redbacks
  Sigmund (D:2)
  A ynoxinul (Depths:3)
  25 tarantellas
  3 wraiths
  16 spriggans
  3 water elementals
  32 yaks
  A shadow (D:14)
  A vampire (D:14)
  9 humans (D:14)
  A golden eye (shapeshifter) (Elf:1)
  A shapeshifter (D:15)
  3 wyverns
  4 swamp worm simulacra (Swamp:4)
  4 basilisks
  3 chaos spawn
  20 vampire mosquitoes
  4 fire elementals
  2 hungry ghosts
  8 large abominations (Depths:1)
  12 swamp worms
  An acid dragon (D:12)
  2 wargs
  A soldier ant (D:11)
  14 hydra simulacra (Swamp:4)
  7 insubstantial wisps
  A soldier ant (shapeshifter) (D:15)
  A spectral troll (Orc:1)
  11 porcupines
  A water moccasin (shapeshifter) (Vaults:1)
  14 water moccasins
  4 swamp drakes
  17 ice beasts
  A sky beast (D:3)
  3 phantoms
  4 black bears
  40 orc warriors
  12 ogres
  8 boggarts (Depths:2)
  9 wolves
  13 centaurs
  13 crocodiles
  A big kobold (D:7)
  2 wyvern zombies
  21 bullfrogs
  4 scorpions
  3 small abominations (Depths:1)
  2 water moccasin skeletons
  2 spectral ogres (Orc:1)
  2 howler monkeys
  15 wights
  6 electric eels
  A bullfrog zombie (D:11)
  6 crimson imps
  3 centaur zombies
  2 quasits
  22 orc priests
  4 bullfrog skeletons
  3 centaur skeletons
  3 hounds
  5 jellies
  5 iguanas
  Jessica (D:2)
  25 orc wizards
  2 spectral orcs (Orc:1)
  13 worker ants
  A hound skeleton (D:5)
  Robin (D:3)
  A worker ant zombie (D:6)
  3 gnolls (Orc:2)
  A howler monkey skeleton (D:6)
  4 adders
  A shadow imp (D:15)
  5 oozes
  4 swamp drake simulacra (Swamp:4)
  An adder zombie (D:6)
  2 worms
  4 dart slugs
  3 leopard geckos
  110 orcs
  2 orc simulacra (Orc:1)
  A ball python (D:1)
  6 bats
  4 giant cockroaches
  30 goblins
  13 hobgoblins
  12 jackals
  28 kobolds
  4 quokkas
  11 frilled lizards
  A quokka skeleton (D:10)
  A quokka zombie (D:5)
  10 rats
  2 briar patches
  3 plants (Lair:6)
1551 creatures vanquished.

Vanquished Creatures (others)
  An azure jelly (Swamp:4)
  An ice dragon (Depths:1)
  A deep troll earth mage (Depths:5)
  A deep elf knight (Elf:2)
  2 deep trolls
  A spiny frog (Swamp:4)
  A wind drake (WizLab)
  5 dream sheep (D:3)
  A slime creature (Swamp:3)
  A tarantella (shapeshifter) (Depths:2)
  An air elemental (WizLab)
  3 briar patches
  2 bushes (D:11)
  12 fungi
  22 plants
55 creatures vanquished.

Grand Total: 1606 creatures vanquished

Notes
Turn   | Place    | Note
-------+----------+-------------------------------------------
     0 | D:1      | HoaS the Gargoyle Gladiator began the quest for the Orb.
     0 | D:1      | Reached XP level 1. HP: 12/12 MP: 1/1
    49 | D:1      | Reached XP level 2. HP: 18/18 MP: 2/2
   256 | D:1      | Reached XP level 3. HP: 22/22 MP: 3/3
   447 | D:1      | Reached skill level 3 in Fighting
   901 | D:2      | Found a stormy altar of Qazlal.
   959 | D:2      | Reached XP level 4. HP: 23/28 MP: 4/4
  1106 | D:2      | Noticed Jessica
  1133 | D:2      | Killed Jessica
  1406 | D:2      | Noticed Sigmund
  1431 | D:2      | Killed Sigmund
  1431 | D:2      | Reached skill level 4 in Fighting
  1431 | D:2      | Reached skill level 5 in Staves
  1431 | D:2      | Reached XP level 5. HP: 23/33 MP: 5/5
  1431 | D:2      | Reached XP level 6. HP: 26/38 MP: 6/6
  1591 | D:2      | Found a glowing silver altar of Zin.
  1836 | D:3      | Noticed a dream sheep
  1836 | D:3      | Noticed a dream sheep
  1836 | D:3      | Noticed a dream sheep
  1836 | D:3      | Noticed a dream sheep
  1836 | D:3      | Noticed a dream sheep
  1836 | D:3      | Found a shimmering altar of Xom.
  1841 | D:3      | Killed a dream sheep
  1842 | D:3      | Killed a dream sheep
  1842 | D:3      | Killed a dream sheep
  1842 | D:3      | Killed a dream sheep
  1842 | D:3      | Killed a dream sheep
  2052 | D:3      | Noticed a sky beast
  2061 | D:3      | Killed a sky beast
  2115 | D:3      | Reached XP level 7. HP: 44/44 MP: 7/7
  2216 | D:2      | Found an opulent altar of Gozag.
  2216 | D:2      | Found a burning altar of Makhleb.
  2231 | D:2      | Became a worshipper of Makhleb the Destroyer
  2347 | D:4      | Noticed Robin
  2376 | D:3      | Killed Robin
  2469 | D:4      | Reached skill level 5 in Fighting
  2632 | D:4      | Found a staircase to the Ecumenical Temple.
  2657 | D:4      | Found a bloodstained altar of Trog.
  2877 | D:5      | Entered Level 5 of the Dungeon
  2920 | D:5      | Reached * piety under Makhleb
  3011 | D:5      | Found Vorphil's Elemental Accessories.
  3915 | D:6      | Reached XP level 8. HP: 50/51 MP: 8/8
  3918 | D:6      | Found Xoppuamm's Book Emporium.
  3979 | D:6      | Found Esaschat's Book Shop.
  4048 | D:6      | Found Gack's General Store.
  4051 | D:6      | Bought a scroll of enchant armour for 90 gold pieces
  4219 | D:6      | Reached skill level 6 in Fighting
  4498 | D:6      | Found a runed translucent gate.
  4498 | D:6      | Noticed zkyp's ghost (novice HaAM)
  4532 | D:6      | Found Oniokiol's Magic Scroll Boutique.
  4535 | D:6      | Bought a scroll of enchant weapon for 90 gold pieces
  4571 | D:6      | Found a runed translucent gate.
  4573 | D:6      | Found a runed translucent gate.
  4575 | D:6      | Identified the +8 great sword "Opriz" {drain, rN++}
  4830 | D:6      | Found a roughly hewn altar of Beogh.
  5261 | D:7      | Reached skill level 7 in Fighting
  5390 | D:7      | Reached XP level 9. HP: 57/57 MP: 9/9
  5488 | D:7      | Reached ** piety under Makhleb
  5952 | D:8      | Identified a scroll of acquirement
  5975 | D:8      | Reached skill level 10 in Staves
  6324 | D:8      | Found a hazy altar of Hepliaklqana.
  6432 | D:9      | Noticed a troll
  6442 | D:9      | Killed a troll
  6442 | D:9      | Reached skill level 8 in Fighting
  6498 | D:9      | Got a pitted platinum ring
  6510 | D:9      | Identified the ring of Kynuebei {+Fly MR+ Str+2} (You found
                  | it on level 9 of the Dungeon)
  6609 | D:9      | Reached *** piety under Makhleb
  6651 | D:9      | Found a staircase to the Orcish Mines.
  7033 | D:9      | Reached skill level 9 in Fighting
  7033 | D:9      | Reached XP level 10. HP: 66/66 MP: 10/10
  7484 | D:10     | Entered Level 10 of the Dungeon
  7576 | D:10     | Noticed Snorg
  7612 | D:10     | Killed Snorg
  7680 | D:10     | Reached **** piety under Makhleb
  7691 | D:10     | Noticed a gargoyle
  7721 | D:10     | Killed a gargoyle
  7893 | D:10     | Reached skill level 10 in Fighting
  8000 | D:10     | Noticed Maurice
  8013 | D:10     | Killed Maurice
  8041 | D:10     | Found the +3 salamander hide armour {+Rage rF++}
  8171 | D:10     | Noticed Urug
  8184 | D:10     | Killed Urug
  8184 | D:10     | Reached XP level 11. HP: 73/73 MP: 11/11
  8488 | D:11     | Noticed a two-headed ogre
  8509 | D:11     | Killed a two-headed ogre
  8598 | D:11     | Reached skill level 11 in Fighting
  8719 | D:11     | Reached ***** piety under Makhleb
  8743 | D:11     | Found a staircase to the Lair.
  8793 | D:11     | Noticed a five-headed hydra
  8813 | D:11     | Killed a five-headed hydra
  8813 | D:11     | Reached skill level 12 in Fighting
  8971 | D:11     | Noticed a two-headed ogre
  8978 | D:11     | Killed a two-headed ogre
  8987 | D:11     | Found a blossoming altar of Fedhas.
  9479 | D:12     | Killed an unseen horror
  9479 | D:12     | Reached skill level 13 in Fighting
  9559 | D:12     | Reached XP level 12. HP: 76/84 MP: 12/12
  9700 | D:12     | Noticed a two-headed ogre
  9709 | D:12     | Killed a two-headed ogre
  9709 | D:12     | Reached skill level 14 in Fighting
  9800 | D:12     | Found Pakhot's Book Shoppe.
  9809 | D:12     | Reached skill level 1 in Armour
 10646 | Lair:1   | Entered Level 1 of the Lair of Beasts
 10673 | Lair:1   | Noticed a seven-headed hydra
 10705 | D:11     | Killed a seven-headed hydra
 10739 | Lair:1   | You fall into a shaft and drop 1 floor!
 10739 | Lair:2   | Found a hole to the Spider Nest.
 10772 | Lair:2   | Noticed a seven-headed hydra
 11012 | Lair:1   | Found a transporter.
 11014 | Lair:1   | Noticed Omyorom's ghost (novice SpEE)
 11092 | Lair:1   | Found a transporter.
 11097 | Lair:1   | Noticed Maggie
 11106 | Lair:1   | Killed Maggie
 11106 | Lair:1   | Reached skill level 15 in Fighting
 11715 | D:6      | Bought a book of the Earth for 910 gold pieces
 11796 | D:6      | Killed zkyp's ghost
 12002 | Lair:2   | Reached XP level 13. HP: 91/92 MP: 13/13
 12007 | Lair:2   | Reached ****** piety under Makhleb
 12007 | Lair:2   | Reached skill level 5 in Armour
 12376 | Lair:2   | Noticed Nergalle
 12382 | Lair:2   | Killed Nergalle
 12382 | Lair:2   | Reached skill level 5 in Dodging
 12577 | Lair:1   | Killed Omyorom's ghost
 12614 | Lair:1   | Got a scorched wooden ring
 12618 | Lair:1   | Identified the ring of Ejoqaunwu {rElec rF+ rN+} (You found
                  | it on level 1 of the Lair of Beasts)
 12714 | Lair:3   | Reached skill level 16 in Fighting
 13421 | Lair:4   | You fall into a shaft and drop 2 floors!
 13421 | Lair:6   | Entered Level 6 of the Lair of Beasts
 13523 | Lair:5   | Found a staircase to the Slime Pits.
 13574 | Lair:4   | Noticed Nessos
 13575 | Lair:4   | Found the +4 Cigotuvi's embrace {rRot *Drain rN+}
 13590 | Lair:4   | Killed Nessos
 14051 | D:6      | Bought 3 scrolls of acquirement for 1872 gold pieces
 14353 | Lair:4   | Found a staircase to the Swamp.
 15302 | Lair:6   | Gained mutation: Your large and strong wings let you fly
                  | indefinitely. [Gargoyle growth]
 15302 | Lair:6   | Reached XP level 14. HP: 100/100 MP: 14/14
 15308 | Lair:6   | Reached skill level 17 in Fighting
 16478 | Lair:6   | Noticed a dire elephant
 16478 | Lair:6   | Noticed a dire elephant
 16490 | Lair:6   | Killed a dire elephant
 16502 | Lair:6   | Killed a dire elephant
 16576 | Lair:6   | Noticed a dire elephant
 16586 | Lair:6   | Killed a dire elephant
 16586 | Lair:6   | Reached skill level 18 in Fighting
 16597 | Lair:6   | Noticed a dire elephant
 16607 | Lair:6   | Killed a dire elephant
 16639 | Lair:6   | Noticed a dire elephant
 16650 | Lair:6   | Killed a dire elephant
 16658 | Lair:6   | Noticed a dire elephant
 16667 | Lair:6   | Killed a dire elephant
 16976 | D:13     | Noticed Erolcha
 16981 | D:13     | Killed Erolcha
 17112 | D:13     | Reached XP level 15. HP: 109/109 MP: 15/15
 17495 | D:13     | Reached skill level 10 in Armour
 17816 | D:14     | Noticed Frances
 17836 | D:14     | Killed Frances
 17916 | D:14     | Found a gate to the Vaults.
 17991 | D:14     | Reached skill level 19 in Fighting
 18351 | D:14     | Learned a level 4 spell: Leda's Liquefaction
 18367 | D:14     | Got the ring "Ferud" {MR+ Dex+2 Stlth+}
 18380 | D:15     | Entered Level 15 of the Dungeon
 18980 | D:15     | Found a frozen archway.
 19016 | IceCv    | Entered an ice cave
 19576 | D:15     | Found a staircase to the Depths.
 19747 | Orc:1    | Entered Level 1 of the Orcish Mines
 19761 | Orc:1    | Reached XP level 16. HP: 118/118 MP: 16/16
 19774 | Orc:1    | Found a flagged portal.
 19779 | Orc:1    | Noticed Erica
 19799 | Orc:1    | Killed Erica
 19833 | Bailey   | Entered a bailey
 20152 | Orc:1    | Found a runed translucent gate.
 20153 | Orc:1    | Found a runed translucent gate.
 20154 | Orc:1    | Found a runed translucent gate.
 20156 | Orc:1    | Noticed Bigaod's ghost (journeyman DsGl)
 20265 | Orc:1    | Found a roughly hewn altar of Beogh.
 20540 | Orc:1    | Killed Bigaod's ghost
 20586 | Orc:2    | Entered Level 2 of the Orcish Mines
 20711 | Orc:2    | Reached skill level 20 in Fighting
 20726 | Orc:2    | Found a staircase to the Elven Halls.
 20986 | Orc:2    | Found a roughly hewn altar of Beogh.
 20992 | Orc:2    | Found Rutz's Antique Weapon Shop.
 21027 | Orc:2    | Found Urhoucox's General Store.
 21052 | Orc:2    | Bought a scroll of teleportation for 51 gold pieces
 21052 | Orc:2    | Bought a scroll of identify for 34 gold pieces
 21083 | Orc:2    | Found Ziwoar's Antique Armour Shop.
 21226 | Orc:2    | Found Saod's Jewellery Shop.
 21233 | Orc:2    | Bought the amulet of the Four Winds {rN+ MR+++ Clar} for
                  | 702 gold pieces
 21233 | Orc:2    | Found the amulet of the Four Winds {rN+ MR+++ Clar}
 21239 | Orc:2    | Bought a +4 ring of evasion for 576 gold pieces
 21803 | Swamp:1  | Entered Level 1 of the Swamp
 22602 | Swamp:2  | Reached skill level 10 in Dodging
 23722 | Swamp:3  | Found a sacrificial altar of Ru.
 23906 | Swamp:3  | Identified the ring "Naxew" {Ice Int+6 Slay+3 Stlth+}
 24115 | Swamp:4  | Entered Level 4 of the Swamp
 24135 | Swamp:4  | Noticed a thorn hunter
 24148 | Swamp:4  | Killed a thorn hunter
 24148 | Swamp:4  | Reached skill level 21 in Fighting
 24154 | Swamp:4  | Noticed a thorn hunter
 24174 | Swamp:4  | Killed a thorn hunter
 24174 | Swamp:4  | Reached XP level 17. HP: 102/126 MP: 17/17
 24697 | Swamp:4  | Got a decaying rune of Zot
 24981 | Spider:1 | Entered Level 1 of the Spider Nest
 25783 | Spider:2 | Noticed Donald
 25807 | Spider:2 | Killed Donald
 25903 | Spider:2 | You are sucked into a shaft and drop 1 floor!
 26757 | Spider:4 | Entered Level 4 of the Spider Nest
 27060 | Spider:4 | Reached skill level 15 in Staves
 27072 | Spider:4 | Reached skill level 22 in Fighting
 27265 | Spider:3 | Reached XP level 18. HP: 61/134 MP: 0/18
 27654 | Spider:4 | Got a gossamer rune of Zot
 28409 | Elf:1    | Entered Level 1 of the Elven Halls
 28613 | Elf:1    | Identified the Handbook of the Escort
 28656 | Elf:1    | Found a runed translucent door.
 28656 | Elf:1    | Noticed Haogis's ghost (adept HuCj)
 28811 | Elf:1    | Found a magical portal.
 28832 | WizLab   | Entered The Chambers of the Cloud Mage
 29190 | WizLab   | Identified the ring "Owyost" {*Slow rC++ EV+4 Str+7}
 29222 | WizLab   | Noticed Rih Kissuof
 29244 | WizLab   | Killed Rih Kissuof the Cloud Mage
 29269 | WizLab   | Identified Xuum's Catalogue of Unholy Flames
 29271 | WizLab   | Identified the Almanac of Lightness
 29676 | Elf:1    | Reached skill level 23 in Fighting
 30092 | Elf:2    | Reached XP level 19. HP: 142/142 MP: 19/19
 30115 | Elf:2    | Reached skill level 15 in Armour
 30386 | Elf:2    | Found a huge runed translucent gate.
 30386 | Elf:2    | Found a huge runed translucent gate.
 30387 | Elf:2    | Found a huge runed translucent gate.
 30388 | Elf:2    | Found a huge runed translucent gate.
 30395 | Elf:2    | Found a huge runed translucent gate.
 31126 | Depths:1 | Entered Level 1 of the Depths
 31417 | Depths:1 | Found a gateway to Hell.
 31555 | Depths:1 | Noticed Mara
 31802 | Depths:1 | Noticed HoaS's illusion
 31829 | Depths:1 | Noticed HoaS's illusion
 31839 | Depths:1 | Killed Mara
 31970 | Depths:1 | Reached skill level 24 in Fighting
 32229 | Depths:1 | Found a one-way gate to the infinite horrors of the Abyss.
 32843 | Depths:2 | Reached XP level 20. HP: 150/150 MP: 20/20
 32959 | Depths:2 | Found a shimmering altar of Xom.
 32979 | Depths:2 | Noticed a juggernaut
 33311 | Depths:2 | Killed a juggernaut
 33479 | Depths:2 | Found a viscous altar of Jiyva.
 33635 | Depths:2 | Found a large runed translucent door.
 33681 | Depths:2 | Found Gekloarour's Distillery.
 33709 | Depths:2 | Bought a potion of curing for 48 gold pieces
 33709 | Depths:2 | Bought a potion of haste for 160 gold pieces
 33709 | Depths:2 | Bought a potion of heal wounds for 80 gold pieces
 33709 | Depths:2 | Bought a potion of mutation for 128 gold pieces
 33709 | Depths:2 | Bought a potion of berserk rage for 80 gold pieces
 33709 | Depths:2 | Bought a potion of curing for 48 gold pieces
 33709 | Depths:2 | Bought 2 potions of curing for 96 gold pieces
 33797 | Depths:2 | Found a large runed translucent door.
 34598 | Depths:2 | Reached skill level 25 in Fighting
 35257 | Depths:3 | Reached XP level 21. HP: 158/158 MP: 21/21
 35737 | Depths:3 | Found a one-way gate leading to the halls of Pandemonium.
 36044 | Depths:4 | Noticed Xtahua
 36068 | Depths:4 | Killed Xtahua
 36570 | Depths:4 | Reached skill level 26 in Fighting
 36999 | Depths:4 | Reached XP level 22. HP: 167/167 MP: 22/22
 37471 | Depths:5 | Entered Level 5 of the Depths
 37520 | Depths:5 | Found a gateway to a ziggurat.
 37579 | Depths:5 | Noticed a golden dragon
 37593 | Depths:5 | Killed a golden dragon
 37902 | Depths:5 | Noticed Sojobo
 37987 | Depths:5 | Killed Sojobo
 38022 | Depths:5 | Noticed a caustic shrike
 38024 | Depths:5 | Noticed a caustic shrike
 38028 | Depths:5 | Noticed a caustic shrike
 38029 | Depths:5 | Noticed Mennas
 38039 | Depths:5 | Found a gate to the Realm of Zot.
 38048 | Depths:5 | Noticed a golden dragon
 38451 | Vaults:1 | Entered Level 1 of the Vaults
 38465 | Vaults:1 | Reached skill level 15 in Dodging
 38893 | Vaults:1 | Mangled by a titanic slime creature

Illustrated notes

Levels and vault maps discovered:
D:1:      dpeg_arrival_round_c, layout_loops_ring, hangedman_decor_lopped
D:2:      cheibrodos_helix_gallery, layout_rooms, zin_treasury,
          nicolae_overflow_hidden_temple, grunt_qazlal_clouds, uniq_sigmund,
          uniq_jessica
D:3:      layout_rooms, first_ration, kb_xom_exploding_sheep
D:4:      layout_cave_pools, minmay_temple_entry_wispy, trog_hazing_becter,
          uniq_robin
D:5:      layout_basic, minmay_misc_feat_columns, nicolae_elemental_shop
D:6:      layout_basic, serial_shops, nicolae_shop_behind_doors,
          kennysheep_mini_moat, shop, shop, biasface_ghost_orc_armoury,
          minmay_misc_feat_enclosed
D:7:      layout_gridville
D:8:      layout_loops_ring, overflow_temple_1_default
D:9:      layout_loops_corners, hiddenorc2_lemuel
D:10:     layout_long_grid, uniq_snorg, uniq_maurice, uniq_urug
D:11:     layout_small_grid, minmay_lair_entry_grove, the_bakery,
          lemuel_centaur_altar
D:12:     layout_basic, serial_curves, eino_curves_04, eino_curves_03,
          eino_curves_01, eino_curves_03, serial_shops, shop
D:13:     layout_rooms, uniq_erolcha
D:14:     layout_gridville, ximxim_vaults_locker_room, minmay_misc_feat_room,
          uniq_frances
D:15:     gammafunk_enter_depths_forms, layout_loops_ring,
          portal_ice_cave_demonic_guard, hangedman_abyss_or_decor_stagger,
          roderic_roman_lattice, minmay_misc_feat_nine_boxes
Lair:1:   layout_regular_city, gammafunk_ghost_arena,
          hangedman_lair_generics_rect, serial_bayou_shore_b, uniq_maggie
Lair:2:   layout_long_grid, spider_nest_entry_a, small_statue_intersection,
          infiniplex_staircase_pool, lemuel_fruit_tree, uniq_nergalle
Lair:3:   layout_loops_ring, grunt_forest_stairs_clearing, lemuel_fruit_fields
Lair:4:   layout_gridlike, minmay_swamp_entry_wisps, uniq_nessos
Lair:5:   layout_long_grid, slime_dummy, nicolae_quartered_pool_little
Lair:6:   due_jungle_book, layout_cave_shapes
Swamp:1:  layout_basic_swamp, hangedman_swamp_ruin_wall
Swamp:2:  layout_falls_marsh, nicolae_swamp_feature_on_the_river_bank,
          swamp_pool5, infiniplex_staircase_pool_2
Swamp:3:  layout_basic_swamp, basic_altar
Swamp:4:  swamp_icy, layout_basic_swamp, swamp_pool1, grunt_hermit_hut
Spider:1: layout_spider_delve
Spider:2: layout_spider_delve, uniq_donald
Spider:3: layout_spider_delve, nicolae_spider_cling_halls
Spider:4: spider_rune_water, worms_lemuel
Orc:1:    layout_diamond_mine, gammafunk_ghost_necromancy, basic_altar,
          enter_bailey_6, uniq_erica
Orc:2:    grunt_orc_cross, layout_caves
Elf:1:    layout_geoelf_octagon, ebering_ghost_reflecting_pool,
          mu_enter_wizlab_3, minmay_elf_demonology
Elf:2:    layout_loops_ring
Vaults:1: dpeg_vaults_waves, nicolae_vaults_asterisk,
          vaults_standard_mumra_lines, nicolae_vaults_windows_and_doors_thing,
          v_misc_18, v_alt_pattern_4, v_rooms_5, vaults_mumra_lcd,
          nicolae_vaults_mini_display_case, v_misc_4,
          nicolae_vaults_shelves_hall, layout_vaults_maze_snakey, serial_shops,
          shop
Depths:1: layout_basic, minmay_room_of_horrors, hell_entry,
          minmay_misc_feat_encased, drop_trap, minmay_crystal_room,
          hex_intersection, grunt_ministairs_1, lemuel_flamethrower_hall,
          uniq_mara
Depths:2: lightli_eight_chambers, layout_cave_shapes, lemuel_crystal_altar,
          special_room [special_room_jelly], hell_entry, serial_shops, shop,
          minmay_staircase_bubble
Depths:3: minmay_bubble_buster, layout_cave_shapes, rand_demon_pan_entry_7,
          hell_entry, infiniplex_staircase_river
Depths:4: minmay_inside_and_out, layout_cave_pools, wad_floor_pattern_2,
          abyss_entry_small_statue_room, pf_vacation_house_of_asmodeus,
          uniq_xtahua
Depths:5: grunt_runaround [grunt_runaround_doors_1, grunt_runaround_doors_2,
          grunt_runaround_doors_3, grunt_runaround_doors_4,
          grunt_runaround_zot], hell_entry, uniq_sojobo, uniq_mennas

Skill      XL: |  1  2  3  4  5  6  7  8  9 10 11 12 13 14 15 16 17 18 19 20 21 22 |
---------------+-------------------------------------------------------------------+-----
Staves         | 4 5 6 7 9 11 13 14 15 | 15.0
Fighting       | 3 4 5 7 9 10 13 15 16 18 19 21 22 23 24 25 26 | 26.9
Armour         | 4 7 9 11 12 13 14 16 17 18 | 18.5
Dodging        | 4 6 8 9 10 11 12 13 14 15 | 15.0
Throwing       | |  1.7

Action                   |  1- 3 |  4- 6 |  7- 9 | 10-12 | 13-15 | 16-18 | 19-21 | 22-24 || total
-------------------------+-------+-------+-------+-------+-------+-------+-------+-------++-------
Melee: Quarterstaff      |   105 |   176 |   398 |    23 |    30 |    22 |       |       ||   754
       Lajatang          |       |       |   181 |   625 |  1253 |  2213 |  1790 |   496 ||  6558
Throw: Throwing net      |       |     3 |       |     1 |       |       |       |       ||     4
 Abil: Fly               |       |       |       |       |     1 |     2 |       |       ||     3
       Stop Flying       |       |       |       |       |       |     3 |     1 |       ||     4
Evoke: Wand              |       |       |       |    11 |     2 |       |       |       ||    13
  Use: Scroll            |     4 |     3 |    21 |     5 |    23 |    14 |     5 |     3 ||    78
       Potion            |       |       |       |     1 |       |       |       |       ||     1
 Stab: Distracted        |       |       |       |       |       |       |       |     1 ||     1
  Eat: Chunk             |       |     4 |    15 |    16 |    25 |    35 |    20 |     7 ||   122
       Ration            |       |       |     1 |       |       |       |     1 |       ||     2
Armor: Leather armour    |     1 |       |       |       |       |       |       |       ||     1
       Chain mail        |    65 |       |       |       |       |       |       |       ||    65
       Plate armour      |     3 |   130 |   396 |   373 |   600 |       |       |       ||  1502
       Crystal plate arm |       |       |       |       |   154 |  1821 |  1104 |   412 ||  3491
Dodge: Dodged            |    47 |    40 |   189 |   143 |   386 |  1732 |  1167 |   399 ||  4103
       Repelled          |       |     6 |    18 |    17 |       |       |       |       ||    41
Block: Other             |       |       |       |       |    16 |   102 |       |       ||   118
       Reflection        |       |       |       |       |       |    54 |       |       ||    54
